 Dungeon Crawl Stone Soup version 0.29.1-12-g30fa7ad0bf (webtiles) character file.

Game seed: 6490377109680399825

912 Mitcholas the Cudgeller (level 7, -16/54 HPs)
             Began as a Demonspawn Fighter on Dec 28, 2022.
             Demolished by a two-headed ogre
             ... wielding a +0 giant club
              (19 damage)
             ... on level 6 of the Dungeon.
             The game lasted 00:10:44 (5855 turns).

Mitcholas the Cudgeller (Demonspawn Fighter)        Turns: 5855, Time: 00:10:45

Health: -16/54     AC: 16    Str: 19    XL:     7   Next: 82%
Magic:  7/7        EV:  7    Int:  9    God:
Gold:   381        SH:  5    Dex: 12    Spells: 6/6 levels left

rFire   + . .      SeeInvis .   a - +0 flail
rCold   + . .      Faith    .   c - +0 buckler
rNeg    . . .      Spirit   .   r - +0 plate armour
rPois   .          Reflect  .   (helmet restricted)
rElec   .          Harm     .   m - scarf {rC+ rF+}
rCorr   +          Rampage  .   t - +0 pair of gloves
Will    .....                   (no boots)
Stlth   ..........              (no amulet)
HPRegen 0.18/turn               b - +4 ring of protection
MPRegen 0.20/turn               u - ring of resist corrosion

@: no status effects
A: horns 1, repulsion field 1, magic regeneration
a: no special abilities


You were on level 6 of the Dungeon.
You visited 1 branch of the dungeon, and saw 6 of its levels.

You collected 381 gold pieces.

Inventory:

Hand Weapons
 a - a +0 flail (weapon)
Missiles
 j - 20 poisoned darts (quivered)
 w - 3 datura-tipped darts
Armour
 c - a +0 buckler (worn)
 m - a scarf of resistance (worn)
 r - a +0 plate armour (worn)
 t - a +0 pair of gloves (worn)
Jewellery
 b - a +4 ring of protection (left hand)
 e - a ring of fire
 u - a ring of resist corrosion (right hand)
 C - an amulet of guardian spirit
Scrolls
 h - 2 scrolls of teleportation {unknown}
 i - a scroll of brand weapon {unknown}
 k - a scroll of amnesia {unknown}
 n - a scroll of noise {unknown}
 p - a scroll of acquirement {unknown}
 q - 2 scrolls of enchant weapon {unknown}
 v - a scroll of magic mapping
 x - 2 scrolls of poison
 y - a scroll of enchant armour {unknown}
 D - a scroll of blinking {unknown}
 E - a scroll of immolation {unknown}
 F - a scroll of fear {unknown}
Potions
 d - a potion of might
 f - 2 potions of attraction
 g - 3 potions of heal wounds
 l - 3 potions of curing
 o - 2 potions of flight
 s - a potion of ambrosia
 z - a potion of cancellation
 A - 2 potions of mutation
 B - a potion of degeneration


   Skills:
 + Level 4.2 Fighting
 + Level 6.7 Maces & Flails
 + Level 3.9 Armour
 + Level 3.9 Shields


You had 6 spell levels left.
You didn't know any spells.
Your spell library contained the following spells:

 Spells                   Type           Power      Damage    Failure   Level
 Beastly Appendage        Tmut           0%         N/A       100%        1
 Magic Dart               Conj           0%         1d3       100%        1
 Blink                    Tloc           0%         N/A       100%        2
 Call Imp                 Summ           0%         N/A       100%        2
 Ignite Poison            Fire/Tmut/Pois 0%         N/A       100%        3
 Lesser Beckoning         Tloc           0%         N/A       100%        3
 Mephitic Cloud           Conj/Pois/Air  0%         N/A       100%        3
 Ice Form                 Ice/Tmut       0%         N/A       100%        4
 Irradiate                Conj/Tmut      0%         3d11      100%        5
 Manifold Assault         Tloc           0%         N/A       100%        5


Dungeon Overview and Level Annotations

Branches:
Dungeon (6/15)
 Temple: D:4-7

Altars:
Dithmenos
Sif Muna
Vehumet

Shops:
D:4 :


Innate Abilities, Weirdness & Mutations

You have a pair of small horns on your head.
You are surrounded by a mild repulsion field. (EV +2)
You regenerate magic rapidly.


Message History

Aiming: Throw Flame
Press: ? - help, Shift-Dir - straight line, f - two-headed ogre
Aim: a two-headed ogre, wielding two +0 giant clubs (85% to hit)
The puff of flame hits the two-headed ogre!
The two-headed ogre is lightly wounded.
Aiming: Throw Flame
Press: ? - help, Shift-Dir - straight line, f/p - two-headed ogre
Aim: a two-headed ogre, wielding two +0 giant clubs (lightly wounded, 85% to hit)
The puff of flame hits the two-headed ogre.
The two-headed ogre is moderately wounded.
Aiming: Throw Flame
Press: ? - help, Shift-Dir - straight line, f/p - two-headed ogre
Aim: a two-headed ogre, wielding two +0 giant clubs (moderately wounded, 85% to hit)
The puff of flame hits the two-headed ogre!
The two-headed ogre is moderately wounded.
The now-empty wand crumbles to dust.
You barely miss the two-headed ogre. You headbutt the two-headed ogre.
The two-headed ogre is heavily wounded.
The two-headed ogre hits you with a +0 giant club! x2
You sock the two-headed ogre!
The two-headed ogre is severely wounded.
The two-headed ogre hits you with a +0 giant club.
The two-headed ogre hits you but does no damage.
You barely miss the two-headed ogre.
The two-headed ogre is severely wounded.
The two-headed ogre hits you with a +0 giant club!
The two-headed ogre closely misses you.
You barely miss the two-headed ogre.
Your headbutt misses the two-headed ogre.
The two-headed ogre is severely wounded.
You hit the two-headed ogre but do no damage.
The two-headed ogre is severely wounded.
The two-headed ogre hits you but does no damage. x2
You barely miss the two-headed ogre.
Your headbutt misses the two-headed ogre.
The two-headed ogre is severely wounded.
The two-headed ogre hits you with a +0 giant club!!
* * * LOW HITPOINT WARNING * * *
The two-headed ogre hits you with a +0 giant club!!
You die...

*,,,,,,,,..######.~≈≈~,** *,,,,,,
***,,,****........~≈≈~,>***,,,,,,
*,*** *#......#~≈≈~~,,**,,,,,,
*,* #......#~~≈~~,,**,,,,,, *,*
#........~~~~,,,,,,,,,, *,*
#......#*~~~~~,*,,,**** *,*
##......#*~~~~~,*,,,,* #.*
#.....O.###~≈≈~,,,,*,*** #.#
#.#####@.88~≈≈~~88,,,,,* #*#.#
#.# #....$....,,,,,,*,, .##.# #.#
#........^,,,,,,**, ..#.# ###.#
#...88~~≈≈~88,,**** ....# ##...#
*#.##...~≈≈~~*,** * ....###..###
*..**.##~~≈~~*,***** ........##
*.#**.#*#~≈~~*,,,,,, ....#####
#.***.# *~≈~~~,,****
...>#####*****,*,,,* *~~~~~,,*


You could see a two-headed ogre.

Vanquished Creatures
  Grinder (D:3)
  An ice beast (D:6)
  A black bear (D:5)
  A phantom (D:6)
  A scorpion (D:4)
  2 jellies (D:5)
  2 hounds (D:5)
  3 iguanas (D:4)
  8 gnolls
  5 adders
  A shadow imp (D:5)
  2 ufetubi (D:5)
  A worm (D:4)
  3 dart slugs
  5 orcs
  5 ball pythons
  3 endoplasms
  A giant cockroach (D:4)
  5 goblins
  4 hobgoblins
  3 quokkas
  A bat (D:3)
  7 frilled lizards
  6 kobolds
  2 rats (D:1)
74 creatures vanquished.

Vanquished Creatures (others)
  A fungus (D:2)
  6 toadstools (D:2)
7 creatures vanquished.

Grand Total: 81 creatures vanquished

Notes
Turn   | Place    | Note
-------+----------+-------------------------------------------
     0 | D:1      | Mitcholas the Demonspawn Fighter began the quest for the
                  | Orb.
     0 | D:1      | Reached XP level 1. HP: 18/18 MP: 1/1
   170 | D:1      | Reached skill level 2 in Maces & Flails
   558 | D:1      | Gained mutation: You are surrounded by a mild repulsion
                  | field. (EV +2) [demonic ancestry]
   558 | D:1      | Reached XP level 2. HP: 21/24 MP: 2/2
   744 | D:1      | Reached skill level 3 in Maces & Flails
  1452 | D:2      | Reached XP level 3. HP: 18/29 MP: 3/3
  2109 | D:2      | You fall into a shaft and drop 1 floor!
  2334 | D:2      | Reached skill level 4 in Maces & Flails
  2334 | D:2      | Reached XP level 4. HP: 34/35 MP: 4/4
  2366 | D:2      | Noticed a shining eye
  2369 | D:2      | Noticed a great orb of eyes
  2372 | D:2      | Found a faded altar of an unknown god.
  2375 | D:2      | Got the Commentary on Vitriolic Variation
  2378 | D:2      | Noticed a golden eye
  2383 | D:2      | Noticed an eye of devastation
  3478 | D:3      | Noticed Grinder
  3493 | D:3      | Killed Grinder
  3494 | D:3      | Reached skill level 6 in Maces & Flails
  3494 | D:3      | Gained mutation: You regenerate magic rapidly. [demonic
                  | ancestry]
  3494 | D:3      | Reached XP level 5. HP: 41/41 MP: 5/5
  3494 | D:3      | Reached XP level 6. HP: 47/47 MP: 6/6
  3547 | D:3      | Found a shimmering blue altar of Sif Muna.
  3909 | D:4      | Found Edoad's Book Emporium.
  4438 | D:4      | Found a radiant altar of Vehumet.
  4991 | D:5      | Entered Level 5 of the Dungeon
  5067 | D:5      | Gained mutation: You have a pair of small horns on your
                  | head. [demonic ancestry]
  5067 | D:5      | Reached XP level 7. HP: 52/52 MP: 7/7
  5462 | D:5      | Found a shadowy altar of Dithmenos.
  5843 | D:6      | Noticed a two-headed ogre
  5855 | D:6      | Demolished by a two-headed ogre

Illustrated notes

Levels and vault maps discovered:
D:1:      dpeg_arrival_central, layout_loops_ring, serial_rivers,
          chequers_serial_rivers_marsh, chequers_serial_rivers_large_a,
          chequers_serial_rivers_small_b, chequers_serial_rivers_micro_b,
          chequers_serial_rivers_large_b, dreamdust_princess_corridor
D:2:      layout_basic, hellmonk_ecumenical_altar_watching_god,
          minmay_gold_behind_fungi
D:3:      layout_loops_cross, nicolae_sif_muna_little_library, uniq_grinder
D:4:      layout_basic, nicolae_vehumet_altar_sigil, serial_shops,
          nicolae_shop_temple_entry_statues_fountains
D:5:      layout_gridville, overflow_temple_1_default,
          grunt_dithmenos_smoke_and_mirrors
D:6:      wander_river, layout_rooms, nicolae_ru_sacrificial_ziggurat,
          enter_ossuary_5

Skill      XL: |  1  2  3  4  5  6  7 |
---------------+----------------------+-----
Maces & Flails | 2 3 4 6 |  6.7
Shields        | 3 |  3.9
Armour         | 3 |  3.9
Fighting       | 4 |  4.2

Action                   |  1- 3 |  4- 6 |  7- 9 || total
-------------------------+-------+-------+-------++-------
Melee: Flail             |   127 |   113 |    67 ||   307
       Headbutt          |       |       |    13 ||    13
Evoke: Wand              |       |       |     3 ||     3
  Use: Potion            |       |     1 |       ||     1
       Scroll            |       |     4 |     7 ||    11
Armor: Scale mail        |    57 |       |       ||    57
       Chain mail        |     2 |    15 |       ||    17
       Plate armour      |       |    45 |    50 ||    95
Dodge: Dodged            |    64 |    31 |    23 ||   118
Block: Buckler           |    27 |    22 |    14 ||    63
